 Dungeon Crawl Stone Soup version 0.27.0-1-g7a089689b8 (webtiles) character file.

Game seed: 6465414880708599675

35 horus123 the Skirmisher (level 3, 0/29 HPs)
             Began as a Demonspawn Abyssal Knight on Aug 16, 2021.
             Was a Follower of Lugonu.
             Slain by Sigmund (9 damage)
             ... on level 2 of the Dungeon.
             The game lasted 00:02:31 (1170 turns).

horus123 the Skirmisher (Demonspawn Abyssal Knight) Turns: 1170, Time: 00:02:32

Health: 0/29       AC:  9    Str: 12    XL:     3   Next: 17%
Magic:  5/5        EV:  5    Int: 13    God:    Lugonu [*.....]
Gold:   25         SH:  0    Dex: 13    Spells: 2/2 levels left

rFire    . . .     SeeInvis .   a - +1 falchion
rCold    . . .     Faith    .   (no shield)
rNeg     . . .     Spirit   .   c - +0 chain mail
rPois    .         Reflect  .   (no helmet)
rElec    .         Harm     .   (no cloak)
rCorr    .         Rampage  .   (no gloves)
Will     .....                  (no boots)
Stlth    ..........             (no amulet)
HPRegen  0.09/turn              (no ring)
MPRegen  0.09/turn              (no ring)

@: no status effects
A: talons 1, sharp scales 1
a: Renounce Religion, Depart the Abyss


You were on level 2 of the Dungeon.
You worshipped Lugonu.
Lugonu was aware of your devotion.
You visited 1 branch of the dungeon, and saw 2 of its levels.
You visited the Abyss 1 time.

You collected 25 gold pieces.

Inventory:

Hand Weapons
 a - a +1 falchion (weapon)
Missiles
 d - 17 poisoned darts
Armour
 c - a +0 chain mail (worn)


   Skills:
 + Level 3.5 Fighting
 + Level 2.2 Long Blades
 + Level 2.2 Armour
 + Level 0.8 Dodging
 * Level 2.8 Invocations


You had 2 spell levels left.
You didn't know any spells.
Your spell library contained the following spells:

 Spells                   Type           Power      Damage    Failure   Level
 Sublimation of Blood     Necr           0%         N/A       100%        2
 Wereblood                Tmut           0%         N/A       100%        2
 Summon Hydra             Summ           0%         N/A       100%        7


Dungeon Overview and Level Annotations

Branches:
Dungeon (2/15)

Altars:

Annotations:
D:2 Sigmund


Innate Abilities, Weirdness & Mutations

You have sharp toenails.
You are partially covered in razor-sharp scales. (AC +1, Slay +1)


Message History

You closely miss the frilled lizard. The frilled lizard barely misses you.
You riposte.
You hit the frilled lizard.
You kill the frilled lizard!
Lugonu accepts your kill. Sigmund hits you but does no damage.
Sigmund hits you with a +2 scythe of protection.
You closely miss Sigmund. Your kick misses Sigmund.
Sigmund points at you and mumbles some strange words.
The puff of flame hits you!
You barely miss Sigmund. You claw Sigmund, but do no damage.
Sigmund asks, "Do you like me?"
Sigmund hits you with a +2 scythe of protection.
Sigmund hits you but does no damage.
As you read the scroll labelled LUDITY TEQA, it crumbles to dust.
It is a scroll of identify.
b - a potion of curing Sigmund barely misses you.
You feel better.
Sigmund hits you with a +2 scythe of protection.
You barely miss Sigmund. Sigmund hits you but does no damage.
You barely miss Sigmund. You claw Sigmund, but do no damage.
Sigmund hits you with a +2 scythe of protection.
You hit Sigmund but do no damage. Your kick misses Sigmund.
Sigmund hits you with a +2 scythe of protection.
You hit Sigmund. You claw Sigmund.
Sigmund is moderately wounded.
Sigmund hits you with a +2 scythe of protection!
You closely miss Sigmund. You claw Sigmund, but do no damage.
Sigmund is moderately wounded.
Sigmund closely misses you.
You riposte.
You closely miss Sigmund.
Sigmund is moderately wounded.
You hit Sigmund but do no damage. Your kick misses Sigmund.
Sigmund is moderately wounded.
Sigmund mumbles some strange words.
Sigmund flickers and vanishes!
Deactivating autopickup; reactivate with Ctrl-A.
Something hits you but does no damage.
You barely miss something. Something hits you.
You miss something. Something hits you!
You die...

# ############# #.
.....##.....## #♣.P
♣............##
#P..P♣.............#
...♣.............#
...............#
♣♣♣♣{..........<.# #
.####..@.............# #
...........(.........# #
##...........♣♣.♣...####
#....†.....♣♣P.♣..###..
#....#####♣♣♣..♣.#.....
#.... P..♣....... #####
...♣♣......#
..PP♣♣.......
♣P♣♣♣♣........


There were no monsters in sight!

Vanquished Creatures
  An adder (D:2)
  An ufetubus (Abyss:1)
  2 bats (D:1)
  2 endoplasms
  A giant cockroach (D:1)
  2 goblins (D:1)
  3 hobgoblins (D:1)
  4 ball pythons (D:1)
  3 frilled lizards
  A kobold (D:1)
  A rat (D:1)
21 creatures vanquished.

Vanquished Creatures (collateral kills)
  A ball python (D:1)
1 creature vanquished.

Grand Total: 22 creatures vanquished

Notes
Turn   | Place    | Note
-------+----------+-------------------------------------------
     0 | Abyss:1  | horus123 the Demonspawn Abyssal Knight began the quest for
                  | the Orb.
     0 | Abyss:1  | Reached XP level 1. HP: 18/18 MP: 2/2
    96 | Abyss:1  | Noticed a jelly
    97 | D:1      | Escaped the Abyss
   148 | D:1      | Gained mutation: You are partially covered in razor-sharp
                  | scales. (AC +1, Slay +1) [demonic ancestry]
   148 | D:1      | Reached XP level 2. HP: 24/24 MP: 4/4
   751 | D:1      | Reached * piety under Lugonu
   810 | D:1      | Found a faded altar of an unknown god.
   942 | D:2      | Gained mutation: You have sharp toenails. [demonic
                  | ancestry]
   942 | D:2      | Reached XP level 3. HP: 15/29 MP: 5/5
  1153 | D:2      | Noticed Sigmund
  1170 | D:2      | Slain by Sigmund

Illustrated notes

Levels and vault maps discovered:
D:1:      dpeg_arrival_tiny_c, layout_loops_ring,
          shapermc_ecumenical_altar_hornbeckon, ebering_dispersal_statue_hall,
          skrybe_limestone_x, chequers_serial_rivers_room_b
D:2:      layout_rooms, serial_forest, infiniplex_forest_straight_2,
          infiniplex_forest_lined_4_way, infiniplex_forest_straight_3,
          infiniplex_forest_corner_1, infiniplex_forest_clump_C,
          infiniplex_forest_corner_2, infiniplex_forest_clump_cross,
          infiniplex_forest_straight_3, infiniplex_forest_corner_1,
          infiniplex_forest_clump_tiny, minmay_tetromino_o2, uniq_sigmund

Skill      XL: |  1  2 |
---------------+-------+-----
Long Blades    | 2 |  2.2
Armour         | 2 |  2.2
Fighting       | |  3.5
Dodging        | |  0.8
Invocations    | |  2.8

Action                   || total
-------------------------++-------
Melee: Falchion          ||    63
       Kick              ||     6
Invok: Depart the Abyss  ||     1
  Use: Scroll            ||     5
       Potion            ||     1
Armor: Chain mail        ||    38
Dodge: Dodged            ||    17
       Rpst.: Falchion   ||     9
